 Dungeon Crawl Stone Soup version 0.17.1-1-g73c8601 (webtiles) character file.

1692 PossumBlood the Carver (level 8, 0/64 HPs)
             Began as a Minotaur Fighter on Jan 6, 2016.
             Slain by Prince Ribbit (14 damage)
             ... on level 6 of the Dungeon.
             The game lasted 00:15:01 (5453 turns).

PossumBlood the Carver (Minotaur Fighter)           Turns: 5453, Time: 00:15:01

Health: 0/64       AC:  8    Str: 23    XL:     8   Next: 72%
Magic:  7/7        EV:  7    Int:  5    God:
Gold:   209        SH: 10    Dex: 10    Spells: 0 memorised, 7 levels left

rFire  . . .     SeeInvis .     a - +0 long sword
rCold  . . .     Clarity  .     b - +0 scale mail
rNeg   . . .     SustAt   .     c - +1 shield
rPois  .         Gourm    .     (helmet restricted)
rElec  .         Spirit   .     (no cloak)
rCorr  .         Warding  .     (no gloves)
rMut   .         Stasis   .     t - +0 pair of boots
MR     .....                    (no amulet)
Stlth  ..........               (no ring)
                                (no ring)

@: not resistant to hostile enchantments, extremely unstealthy
A: retaliatory headbutt, horns 2
a: no special abilities


You were on level 6 of the Dungeon.
You were full.

You visited 1 branch of the dungeon, and saw 6 of its levels.

You collected 209 gold pieces.

Inventory:

Hand Weapons
 a - a +0 long sword (weapon)
Missiles
 q - 7 exploding tomahawks (quivered)
Armour
 b - a +0 scale mail (worn)
 c - a +1 shield (worn)
 t - a +0 pair of boots (worn)
Jewellery
 e - an uncursed ring of ice
 s - a cursed -3 ring of strength {unknown}
Wands
 j - a wand of flame (34)
 m - a wand of flame (24)
 r - a wand of random effects (39)
Scrolls
 d - a scroll of identify
 i - a scroll of blinking
 l - 2 scrolls of remove curse
 o - 2 scrolls of teleportation
 v - a scroll of enchant armour
Potions
 h - a potion of mutation {unknown}
 n - a potion of degeneration {unknown}
 x - a potion of resistance {unknown}
Books
 p - a book of Burglary

   Spells                             Type                      Level
   a - Swiftness                      Charms/Air                   2
   b - Passwall                       Transmutation/Earth          3
   c - Passage of Golubria            Translocation                4
   d - Lee's Rapid Deconstruction     Earth                        5
   e - Darkness                       Hexes                        6
   f - Invisibility                   Hexes                        6
Comestibles
 f - 4 meat rations
 w - 3 fruits


   Skills:
 - Level 3.6 Fighting
 * Level 13.0 Long Blades
 - Level 3.6 Armour
 - Level 3.6 Shields


You had 7 spell levels left.
You didn't know any spells.

Dungeon Overview and Level Annotations

Branches:
Dungeon (6/15)
 Temple: D:4-7

Altars:
Ashenzari
Fedhas
Gozag
Zin

Annotations:
D:6 Prince Ribbit


Innate Abilities, Weirdness & Mutations

You reflexively headbutt those who attack you in melee.
You have a pair of horns on your head.


Message History

You continue eating.
Prince Ribbit blinks!
You continue eating.
You finish eating.
That meat ration really hit the spot!
Prince Ribbit lets out a mournful croak.
Things that are here:
a dagger; a robe Prince Ribbit sighs, "It's not easy being green!"
You block Prince Ribbit's attack.
Prince Ribbit blinks!
Things that are here:
a dagger; a robe Your magical contamination has completely faded away.
Prince Ribbit blinks! x2
Prince Ribbit hits you!
* * * LOW HITPOINT WARNING * * *
You hit Prince Ribbit.
Your headbutt passes through Prince Ribbit as he momentarily phases out.
Prince Ribbit is lightly wounded.
Prince Ribbit hits you!
You die...

.....######..##..###....
. #........#.[..##.....
#. ##.............)....
#.##............<...).#
#.F........######..<...
###)).........###))....
###.######.##...).#....
#...).####.##.#..))....
#....F@.......###......
#.....###..#### #......
####### #.## #..#.###
#.# #.##.# #.# #. #.# #
#.# .. #.# . #.# #.#
#.##. #.# #.


You could see Prince Ribbit.

Vanquished Creatures
  The ghost of Mysteryquy the Ruffian, a novice TrMo (D:6)
  Edmund (D:5)
  Duvessa (D:4)
  An ogre (D:5)
  Dowan (D:4)
  A scorpion (D:5)
  2 crimson imps (D:6)
  An orc priest (D:3)
  A giant frog skeleton (D:4)
  Ijyb (D:3)
  A hound (D:4)
  An iguana (D:4)
  7 orc wizards
  6 worker ants
  A hound zombie (D:5)
  A hound skeleton (D:4)
  A worker ant zombie (D:5)
  Robin (D:4)
  A shadow imp (D:5)
  4 adders
  An ooze (D:1)
  An adder skeleton (D:4)
  An adder zombie (D:3)
  2 worms (D:2)
  4 giant geckos
  24 orcs
  8 giant cockroaches
  7 hobgoblins
  10 jackals
  4 kobolds
  4 quokkas
  4 ball pythons
  15 bats
  A giant gecko zombie (D:5)
  5 giant newts
  16 goblins
  A jackal skeleton (D:5)
  4 rats
147 creatures vanquished.

Notes
Turn   | Place    | Note
--------------------------------------------------------------
     0 | D:1      | PossumBlood the Minotaur Fighter began the quest for the Orb.
     0 | D:1      | Reached XP level 1. HP: 19/19 MP: 0/0
    49 | D:1      | Found a shattered altar of Ashenzari.
   303 | D:1      | Reached XP level 2. HP: 26/26 MP: 1/1
   721 | D:2      | Reached skill level 4 in Long Blades
   745 | D:2      | Reached XP level 3. HP: 19/31 MP: 2/2
  1198 | D:2      | Found a glowing silver altar of Zin.
  1199 | D:2      | Found an opulent altar of Gozag.
  1240 | D:3      | Reached skill level 5 in Long Blades
  1240 | D:3      | Reached XP level 4. HP: 35/39 MP: 3/3
  1252 | D:3      | Noticed Ijyb
  1267 | D:3      | Killed Ijyb
  1267 | D:3      | Reached skill level 6 in Long Blades
  1650 | D:3      | Found a blossoming altar of Fedhas.
  1667 | D:3      | Found a faded altar to an unknown god.
  1701 | D:3      | Reached XP level 5. HP: 32/45 MP: 4/4
  2107 | D:3      | Reached skill level 7 in Long Blades
  2457 | D:4      | Reached XP level 6. HP: 44/51 MP: 5/5
  2559 | D:4      | Reached skill level 8 in Long Blades
  2663 | D:4      | Noticed Dowan
  2664 | D:4      | Noticed Duvessa
  2676 | D:4      | Killed Duvessa
  2689 | D:4      | Killed Dowan
  2689 | D:4      | Reached skill level 9 in Long Blades
  2801 | D:4      | Reached XP level 7. HP: 49/57 MP: 6/6
  2853 | D:4      | Noticed Robin
  2870 | D:4      | Killed Robin
  3636 | D:5      | Entered Level 5 of the Dungeon
  3665 | D:5      | Reached skill level 10 in Long Blades
  4209 | D:5      | Noticed Edmund
  4223 | D:5      | Killed Edmund
  4602 | D:5      | Reached skill level 11 in Long Blades
  4767 | D:6      | Reached XP level 8. HP: 49/64 MP: 7/7
  4851 | D:6      | Noticed Mysteryquy's ghost (novice TrMo)
  5172 | D:6      | Killed Mysteryquy's ghost
  5172 | D:6      | Reached skill level 13 in Long Blades
  5301 | D:6      | Noticed Prince Ribbit
  5453 | D:6      | Slain by Prince Ribbit

Action                   |  1- 3 |  4- 6 |  7- 9 || total
-------------------------+-------+-------+-------++-------
Melee: Long sword        |    90 |   157 |   179 ||   426
  Use: Scroll            |       |     7 |       ||     7
       Potion            |       |       |     5 ||     5
  Eat: Beef jerky        |     1 |       |     1 ||     2
       Bread ration      |       |     1 |     1 ||     2
       Fruit             |       |       |     3 ||     3
       Meat ration       |       |       |     1 ||     1
